 Dungeon Crawl Stone Soup version 0.29-a0-294-g83ea962da3 (console) character file.

Game seed: 11463704340951159672

420 Ignak the Grave Robber (level 6, 0/44 HPs)
             Began as a Gnoll Necromancer on Mar 18, 2022.
             Slain by a lemure (4 damage)
             ... led by Pikel
             ... on level 5 of the Dungeon.
             The game lasted 00:11:14 (4735 turns).

Ignak the Grave Robber (Gnoll Necromancer)          Turns: 4735, Time: 00:11:15

Health: 0/44       AC:  6    Str:  7    XL:     6   Next: 94%
Magic:  14/14      EV: 11    Int: 17    God:
Gold:   994        SH:  0    Dex: 12    Spells: 11/15 levels left

rFire   . . .      SeeInvis .   a - +2 mace (venom)
rCold   . . .      Faith    .   (no shield)
rNeg    . . .      Spirit   .   n - +0 ring mail
rPois   .          Reflect  .   p - +0 helmet
rElec   .          Harm     .   m - scarf {+Inv}
rCorr   .          Rampage  .   (no gloves)
Will    .....                   (no boots)
Stlth   ++........              (no amulet)
HPRegen 0.14/turn               (no ring)
MPRegen 0.14/turn               (no ring)

@: no status effects
A: fangs 1, strong nose, distributed training
a: Evoke Invisibility


You were on level 5 of the Dungeon.
You visited 1 branch of the dungeon, and saw 5 of its levels.

You collected 994 gold pieces.

Inventory:

Hand Weapons
 a - a +2 mace of venom (weapon)
 b - a +2 hunting sling of freezing
Armour
 k - an orb of wrath
 m - a scarf of invisibility (worn)
 n - a +0 ring mail (worn)
 p - a +0 helmet (worn)
Jewellery
 h - a ring of ice
Wands
 f - a wand of iceblast (5)
 o - a wand of acid (5)
Scrolls
 d - a scroll of fear {unknown}
 e - a scroll of vulnerability
 g - 2 scrolls of teleportation
 l - 2 scrolls of identify
Potions
 c - 2 potions of magic
 i - 3 potions of curing
 j - 3 potions of berserk rage


   Skills:
 + Level 2.1 Fighting
 + Level 2.1 Short Blades
 + Level 2.1 Long Blades
 + Level 2.1 Axes
 + Level 2.1 Maces & Flails
 + Level 2.1 Polearms
 + Level 2.1 Staves
 + Level 2.1 Slings
 + Level 2.1 Bows
 + Level 2.1 Crossbows
 + Level 2.1 Throwing
 + Level 2.1 Armour
 + Level 5.1 Dodging
 + Level 4.7 Stealth
 + Level 2.1 Shields
 + Level 2.1 Unarmed Combat
 + Level 5.4 Spellcasting
 + Level 1.7 Conjurations
 + Level 1.7 Hexes
 + Level 1.7 Summonings
 + Level 7.3 Necromancy
 + Level 1.7 Translocations
 + Level 1.7 Transmutations
 + Level 1.7 Fire Magic
 + Level 1.7 Ice Magic
 + Level 1.7 Air Magic
 + Level 1.7 Earth Magic
 + Level 1.7 Poison Magic
 + Level 2.4 Invocations
 + Level 2.1 Evocations


You had 11 spell levels left.
You knew the following spells:

 Your Spells              Type           Power      Damage    Failure   Level
a - Pain                  Necr           100%       1d9       2%          1
c - Vampiric Draining     Necr           29%        2d8       7%          3

Your spell library contained the following spells:

 Spells                   Type           Power      Damage    Failure   Level
 Animate Skeleton         Necr           58%        N/A       2%          1
 Apportation              Tloc           20%        N/A       22%         1
 Animate Dead             Necr           14%        N/A       22%         4
 Agony                    Necr           29%        N/A       52%         5
 Alistair's Intoxication  Tmut/Pois      6%         N/A       99%         5
 Fireball                 Conj/Fire      5%         3d5       99%         5
 Starburst                Conj/Fire      5%         6d4       100%        6
 Ignition                 Fire           5%         3d4       100%        8


Dungeon Overview and Level Annotations

Branches:
Dungeon (5/15)
 Temple: D:4-7

Altars:
Cheibriados
Makhleb
Xom

Annotations:
D:4 3 runed translucent doors, Teewurst's ghost, novice TrTm
D:5 Pikel


Innate Abilities, Weirdness & Mutations

You have very sharp teeth.
Your uncanny sense of smell can sniff out nearby items.
Your experience applies equally to all skills.


Message History

The phantom is severely damaged.
The phantom hits you but does no damage.
The phantom hits you.
You sock the phantom!
You destroy the phantom!
No target in view!
No target in view!
There is a stone staircase leading up here.
Pikel and a lemure come into view.
Pikel is wielding a +0 whip of flaming and carrying a wand of digging (2).
Pikel shouts!
A lemure comes into view.
Okay, then.
A lemure comes into view.
The lemure shouts! x2
A lemure comes into view.
You hit Pikel but do no damage. You punch Pikel, but do no damage.
Your bite misses Pikel.
Pikel hits you with a +0 whip of flaming.
Pikel burns you.
You hit Pikel but do no damage.
Pikel is poisoned.
Pikel hits you with a +0 whip of flaming.
Pikel burns you. The lemure hits you.
Pikel hits you with a +0 whip of flaming.
Pikel burns you.
You hit Pikel.
Pikel looks as sick as possible!
Pikel is lightly wounded.
The lemure hits you! x2
* * * LOW HITPOINT WARNING * * *
Pikel barely misses you. Pikel attacks as you move away!
Pikel barely misses you.
Pikel zaps a wand.
Some rock shatters into small pieces.
The lemure attacks as you move away! The lemure hits you.
* * * LOW HITPOINT WARNING * * *
The lemure attacks as you move away! The lemure closely misses you.
The lemure attacks as you move away! The lemure closely misses you.
The lemure attacks as you move away! The lemure hits you!
* * * LOW HITPOINT WARNING * * *
The lemure attacks as you move away! The lemure hits you.
You die...

#.####........
....>..##.#### ##...
#.........# #....
#...####### #.... ..#.#
#>..# #.#.# ..#.# ....#
#.#.# ##..... #...# #.#.#
......# #...# #.#.# ......
#...# ###@#.##...# #...#
#...555....##.#
#...############.5.K.......#
................<.......##.#
#.####.##.#....#######..# ∆
#.###...#.###..# ..#
#.........###..###### .#
#.###................ .#
#.####.#..###..###### ∆#


You could see Pikel (very poisoned) and 4 lemures.

Vanquished Creatures
  An ogre (D:4)
  A phantom (D:5)
  A jelly (D:4)
  An orc priest (D:3)
  A hound (D:4)
  An orc wizard (D:3)
  An iguana (D:5)
  6 adders
  An ufetubus (D:5)
  4 dart slugs
  5 orcs
  8 bats
  5 endoplasms
  A giant cockroach (D:1)
  8 goblins
  A hobgoblin (D:2)
  2 jackals (D:1)
  A quokka (D:4)
  5 ball pythons
  3 frilled lizards
  6 kobolds
  2 rats (D:2)
65 creatures vanquished.

Notes
Turn   | Place    | Note
-------+----------+-------------------------------------------
     0 | D:1      | Ignak the Gnoll Necromancer began the quest for the Orb.
     0 | D:1      | Reached XP level 1. HP: 13/13 MP: 6/6
   377 | D:1      | Reached XP level 2. HP: 16/19 MP: 4/7
  1327 | D:2      | Identified a scroll of acquirement
  1327 | D:2      | Acquired 718 gold pieces
  1364 | D:2      | Reached XP level 3. HP: 25/25 MP: 7/9
  1422 | D:2      | Reached skill level 5 in Spellcasting
  1963 | D:3      | Found a shimmering altar of Xom.
  2049 | D:3      | Reached skill level 1 in Invocations
  2053 | D:3      | Learned a level 3 spell: Vampiric Draining
  2180 | D:3      | Reached skill level 1 in Fighting
  2180 | D:3      | Reached skill level 1 in Short Blades
  2180 | D:3      | Reached skill level 1 in Long Blades
  2180 | D:3      | Reached skill level 1 in Axes
  2180 | D:3      | Reached skill level 1 in Maces & Flails
  2180 | D:3      | Reached skill level 1 in Polearms
  2180 | D:3      | Reached skill level 1 in Staves
  2180 | D:3      | Reached skill level 1 in Slings
  2180 | D:3      | Reached skill level 1 in Bows
  2180 | D:3      | Reached skill level 1 in Crossbows
  2180 | D:3      | Reached skill level 1 in Throwing
  2180 | D:3      | Reached skill level 1 in Armour
  2180 | D:3      | Reached skill level 1 in Shields
  2180 | D:3      | Reached skill level 1 in Unarmed Combat
  2180 | D:3      | Reached skill level 1 in Evocations
  2330 | D:3      | Found a faded altar of an unknown god.
  2400 | D:3      | Reached XP level 4. HP: 24/32 MP: 3/11
  2406 | D:3      | Reached skill level 1 in Conjurations
  2406 | D:3      | Reached skill level 1 in Hexes
  2406 | D:3      | Reached skill level 1 in Summonings
  2406 | D:3      | Reached skill level 1 in Translocations
  2406 | D:3      | Reached skill level 1 in Transmutations
  2406 | D:3      | Reached skill level 1 in Fire Magic
  2406 | D:3      | Reached skill level 1 in Ice Magic
  2406 | D:3      | Reached skill level 1 in Air Magic
  2406 | D:3      | Reached skill level 1 in Earth Magic
  2406 | D:3      | Reached skill level 1 in Poison Magic
  2410 | D:3      | Reached XP level 5. HP: 27/37 MP: 1/12
  2940 | D:4      | Noticed an ogre
  3154 | D:4      | Found a snail-covered altar of Cheibriados.
  3539 | D:4      | Found a runed translucent gate.
  3540 | D:4      | Found a runed translucent gate.
  3541 | D:4      | Found a runed translucent gate.
  3542 | D:4      | Noticed Teewurst's ghost (novice TrTm)
  3835 | D:4      | Found a burning altar of Makhleb.
  3855 | D:4      | Reached XP level 6. HP: 40/44 MP: 13/13
  4240 | D:4      | Reached skill level 5 in Dodging
  4348 | D:5      | Entered Level 5 of the Dungeon
  4726 | D:5      | Noticed Pikel
  4735 | D:5      | Slain by a lemure

Illustrated notes

Levels and vault maps discovered:
D:1:      minmay_arrival_shoal_huts, layout_basic
D:2:      layout_basic
D:3:      layout_loops_ring, amcnicky_altar_gilded,
          shapermc_ecumenical_altar_notcrosses
D:4:      layout_layer_cave, general_overflow_altar, kennysheep_mini,
          gammafunk_ghost_necromancy
D:5:      layout_loops_ring, kennysheep_boxes, uniq_crazy_yiuf_cottage,
          uniq_pikel, uniq_edmund

Skill      XL: |  1  2  3  4  5  6 |
---------------+-------------------+-----
Spellcasting   | 5 |  5.4
Invocations    | 1 2 |  2.4
Fighting       | 1 2 |  2.1
Short Blades   | 1 2 |  2.1
Long Blades    | 1 2 |  2.1
Axes           | 1 2 |  2.1
Maces & Flails | 1 2 |  2.1
Polearms       | 1 2 |  2.1
Staves         | 1 2 |  2.1
Slings         | 1 2 |  2.1
Bows           | 1 2 |  2.1
Crossbows      | 1 2 |  2.1
Throwing       | 1 2 |  2.1
Armour         | 1 2 |  2.1
Shields        | 1 2 |  2.1
Unarmed Combat | 1 2 |  2.1
Evocations     | 1 2 |  2.1
Conjurations   | 1 |  1.7
Hexes          | 1 |  1.7
Summonings     | 1 |  1.7
Translocations | 1 |  1.7
Transmutations | 1 |  1.7
Fire Magic     | 1 |  1.7
Ice Magic      | 1 |  1.7
Air Magic      | 1 |  1.7
Earth Magic    | 1 |  1.7
Poison Magic   | 1 |  1.7
Dodging        | 5 |  5.1
Stealth        | |  4.7
Necromancy     | |  7.3

Action                   |  1- 3 |  4- 6 || total
-------------------------+-------+-------++-------
Melee: Mace              |    21 |    75 ||    96
       Bite              |     1 |    12 ||    13
       Punch             |       |     3 ||     3
 Fire: Hunting sling     |       |     4 ||     4
 Cast: Pain              |    50 |    14 ||    64
       Vampiric Draining |     1 |     3 ||     4
  Use: Scroll            |     4 |     5 ||     9
       Potion            |     4 |     1 ||     5
 Stab: Sleeping          |     2 |     2 ||     4
Armor: Robe              |     9 |    12 ||    21
       Ring mail         |       |     7 ||     7
Dodge: Dodged            |    26 |    57 ||    83

Table legend: (Time is in decaauts)
 A = Elapsed time spent in this place.
 B = Non-inter-level travel time spent in this place.
 C = Inter-level travel time spent in this place.
 D = Time resting spent in this place.
 E = Time spent auto-exploring this place.
 F = Levels seen in this place.
 G = Mean time per level.
                   A        B        C        D        E       F      G
               +--------+--------+--------+--------+--------+-----+--------+
         Total |   4783 |   4733 |     50 |   1001 |   2657 |   5 |  956.6 |
       Dungeon |   4783 |   4733 |     50 |   1001 |   2657 |   5 |  956.6 |
               +--------+--------+--------+--------+--------+-----+--------+

Top non-repeatable levels by time:
     D:4: 1411 daAuts
     D:1: 1266 daAuts
     D:3: 997 daAuts
     D:2: 706 daAuts
     D:5: 402 daAuts
